 Dungeon Crawl Stone Soup version 0.18.1-8-gdd0e5ea (webtiles) character file.

95 Lovchig the Covered (level 4, -3/41 HPs)
             Began as a Minotaur Fighter on May 29, 2016.
             Killed from afar by an orc wizard (6 damage)
             ... with a magic dart
             ... on level 3 of the Dungeon.
             The game lasted 00:05:49 (1270 turns).

Lovchig the Covered (Minotaur Fighter)              Turns: 1270, Time: 00:05:50

Health: -3/41      AC:  8    Str: 27    XL:     4   Next: 40%
Magic:  3/3        EV:  8    Int:  5    God:
Gold:   114        SH:  0    Dex:  9    Spells: 0 memorised, 3 levels left

rFire  + . .     SeeInvis .     a - +0 war axe
rCold  . . .     Gourm    .     b - +0 scale mail
rNeg   . . .     Faith    .     c - +0 shield
rPois  .         Spirit   .     (helmet restricted)
rElec  .         Dismiss  .     (no cloak)
rCorr  .         Reflect  .     (no gloves)
SustAt .         Harm     .     r - +0 pair of boots
MR     .....                    (no amulet)
Stlth  ..........               (no ring)
                                u - ring of protection from fire

@: confused, mighty, lethally poisoned (-3 -> -34), not resistant to hostile
enchantments, extremely unstealthy
A: retaliatory headbutt, horns 2
a: no special abilities


You were on level 3 of the Dungeon.
You were not hungry.

You visited 1 branch of the dungeon, and saw 3 of its levels.

You collected 114 gold pieces.

Inventory:

Hand Weapons
 a - a +0 war axe (weapon)
Armour
 b - a +0 scale mail (worn)
 c - a +0 shield (worn)
 r - a +0 pair of boots (worn)
Jewellery
 u - a ring of protection from fire (left hand)
Scrolls
 o - a scroll of blinking
Potions
 d - 2 potions of might
 e - a potion of brilliance
 j - a potion of agility
 k - a potion of cure mutation
 l - a potion of flight
 m - 2 potions of degeneration {unknown}
 n - a potion of haste {unknown}
 q - a potion of lignification {unknown}
 s - a potion of ambrosia {unknown}
 t - 2 potions of heal wounds {unknown}
 v - 3 potions of mutation {unknown}
Comestibles
 f - 3 bread rations
 g - 13 chunks of flesh
 h - 5 fruits
 i - a beef jerky
 p - 2 meat rations


   Skills:
 * Level 4.4 Fighting
 * Level 3.2 Axes
 * Level 4.6 Armour
 * Level 4.4 Shields


You had 3 spell levels left.
You didn't know any spells.

Dungeon Overview and Level Annotations

Branches:
Dungeon (3/15)

Altars:


Innate Abilities, Weirdness & Mutations

You reflexively headbutt those who attack you in melee.
You have a pair of horns on your head.


Message History

You bump into the rock wall.
* * * LOW HITPOINT WARNING * * *
You feel sick.
The orc hits you from afar with a trident.
* * * LOW HITPOINT WARNING * * *
Something hits you but does no damage.
A rat comes into view.
Drink which item? (? for menu, Esc to quit)
You feel very mighty all of a sudden.
* * * LOW HITPOINT WARNING * * *
You feel sick. Something hits you but does no damage.
You are more poisoned.
The orc hits you but does no damage.
You miss something.
* * * LOW HITPOINT WARNING * * *
You feel very sick.
You hear some strange, mumbled words.
A magic dart appears from out of thin air!
The magic dart hits you!
You die...

..........(((((((....
..........)(....((...
#...#...###.##.###.
#####.##..### #....####
............# ####..#..
##..###.##...##.......
#...r....#............
#..##..#...####.......
#)@#...## ##.#.....
#{##.#.# ...##.... .o.
.....# .##......
....#.###...........รท.
##... . ....###.#..).
#..#.. ...## ##... #.##
... ##.. .. # ##. #..
###.


You could see an orc and a rat.

Vanquished Creatures
  5 adders
  A worm (D:3)
  3 giant geckos
  An orc (D:3)
  9 bats
  A giant cockroach (D:2)
  3 hobgoblins
  4 jackals
  2 giant newts (D:1)
  6 goblins
  4 kobolds
  5 rats
44 creatures vanquished.

Notes
Turn   | Place    | Note
--------------------------------------------------------------
     0 | D:1      | Lovchig the Minotaur Fighter began the quest for the Orb.
     0 | D:1      | Reached XP level 1. HP: 19/19 MP: 0/0
   319 | D:1      | Reached XP level 2. HP: 22/27 MP: 1/1
   747 | D:2      | Reached XP level 3. HP: 32/33 MP: 2/2
  1158 | D:3      | Reached XP level 4. HP: 41/41 MP: 3/3
  1270 | D:3      | Killed from afar by an orc wizard

Skill      XL: |  1  2  3  4 |
---------------+-------------+-----
Fighting       | 4 |  4.4
Armour         | 4 |  4.6
Shields        | 4 |  4.4
Axes           | 3 |  3.2

Action                   |  1- 3 |  4- 6 || total
-------------------------+-------+-------++-------
Melee: War axe           |    71 |    31 ||   102
       Headbutt          |     9 |     5 ||    14
  Use: Scroll            |     8 |       ||     8
       Potion            |       |     1 ||     1
  Eat: Chunk             |     1 |       ||     1
Armor: Scale mail        |    40 |    31 ||    71
Dodge: Dodged            |    17 |    21 ||    38
Block: Shield            |    49 |    28 ||    77
